Map: Cosmic Sapphire

Players

Titleist - Winner!

  • Race: Zerg Zerg
  • League: Gold
  • Spawn Location: 5:00

Exterminator

  • Race: Terran Terran
  • League: Silver
  • Spawn Location: 11:00

VOD

Have the link to the VOD?

Description

loss, but gd nuke

Time

  • Played on: Oct. 27, 2022, 2:24 p.m.
  • Length: 13:44
Show
View Real Time Build Order
Export as new Build Order

Titleist Zerg - Winner!

Build Orders: Hatch First, Lurkers 

Get SALT Encoding   

  12  0:00  Drone  
  13  0:11  Drone  
  14  0:20  Overlord  
  14  0:39  Drone x3  
  17  0:52  Hatchery  
  16  1:08  Spawning Pool  
  16  1:10  Drone  
  16  1:13  Drone  
  17  1:22  Drone  
  17  1:23  Drone  
  19  1:45  Hatchery  
  18  1:50  Extractor  
  18  1:51  Drone  
  18  1:52  Extractor  
  18  1:53  Drone  
  18  2:06  Queen  
  20  2:09  Drone  
  20  2:10  Drone  
  22  2:19  Drone  
  22  2:20  Drone  
  24  2:25  Drone  
  25  2:34  Queen  
  27  2:39  Drone  
  28  2:56  Lair  
  28  2:57  Drone  
  28  2:58  Drone x2  
  31  3:04  Pneumatized Carapace  
  31  3:18  Roach Warren  
  30  3:27  Overlord x2  
  30  3:44  Drone, Spore Crawler  
  30  3:45  Drone x4  
  30  3:46  Spine Crawler  
  30  3:47  Drone  
  34  3:54  Drone  
  35  3:56  Drone x2  
  35  4:01  Roach  
  39  4:13  Queen  
  39  4:15  Drone  
  39  4:16  Drone x2  
  44  4:19  Extractor  
  44  4:24  Roach x2  
  45  4:40  Roach  
  45  4:41  Roach  
  49  4:51  Overlord x2  
  49  5:01  Overlord  
  49  5:02  Overlord  
  49  5:07  Overlord  
  49  5:08  Overlord  
  49  5:09  Evolution Chamber  
  49  5:10  Drone x2, Evolution Chamber  
  49  5:12  Roach x3  
  49  5:13  Roach  
  57  5:15  Ravager x3  
  57  5:16  Ravager  
  61  5:30  Roach x4  
  61  5:33  Glial Reconstitution  
  69  5:54  Overseer  
  64  6:14  Roach x5  
  72  6:28  Drone  
  72  6:29  Extractor, Drone x5  
  72  6:30  Drone  
  57  6:43  Overseer x2  
  57  6:46  Roach  
  57  6:47  Roach x7  
  71  7:08  Drone  
  71  7:10  Roach x4  
  80  7:18  Ravager x2  
  80  7:22  Drone x8  
  90  7:33  Overlord x3  
  90  7:38  Hatchery  
  89  7:47  Zerg Missile Weapons Level 1  
  89  7:48  Zerg Ground Armor Level 1  
  89  7:51  Hydralisk Den  
  88  8:03  Ravager x2  
  90  8:15  Extractor  
  90  8:16  Extractor, Drone x2  
  90  8:17  Drone  
  90  8:18  Drone  
  90  8:19  Drone x2  
  94  8:21  Drone x5  
  94  8:22  Drone x3  
  102  8:29  Drone x2, Nydus Network  
  103  8:55  Roach x8  
  119  9:02  Infestation Pit  
  118  9:05  Muscular Augments  
  118  9:11  Nydus Canal  
  86  10:04  Hydralisk  
  86  10:05  Hydralisk x8  
  104  10:11  Lurker Den  
  104  10:12  Lurker Den, Hive  
  102  10:15  Spore Crawler  
  102  10:17  Spore Crawler  
  102  10:18  Spore Crawler  
  102  10:20  Drone x4  
  103  10:22  Drone  
  103  10:28  Roach x8  
  120  10:50  Zerg Missile Weapons Level 2, Zerg Ground Armor Level 2  
  120  10:54  Grooved Spines  
  120  10:56  Overlord x5  
  120  10:57  Overlord x6  
  120  11:04  Overlord x10  
  120  11:06  Overseer  
  120  11:23  Nydus Canal  
  120  11:37  Seismic Spines, Adaptive Talons  
  108  11:58  Hydralisk x9  
  126  12:02  Overseer x2  
  126  12:03  Overseer x4  
  126  12:16  Lurker  
  126  12:17  Hydralisk, Lurker x2  
  126  12:18  Hydralisk x5  
  138  12:50  Overseer  
  138  12:51  Lurker x4  
  138  12:52  Lurker  
  143  13:06  Nydus Canal  
Show
View Real Time Build Order
Export as new Build Order

Exterminator Terran 

Build Orders:  

Get SALT Encoding   

  12  0:00  SCV  
  13  0:12  SCV  
  14  0:18  Supply Depot  
  14  0:24  SCV  
  15  0:29  Refinery  
  15  0:42  Barracks  
  15  0:48  SCV  
  16  0:56  Refinery  
  16  1:00  SCV  
  17  1:10  Supply Depot  
  17  1:16  SCV  
  18  1:30  SCV  
  19  1:41  Ghost Academy  
  19  1:44  SCV  
  20  1:49  Barracks Tech Lab  
  20  2:08  Barracks  
  20  2:17  Ghost  
  22  2:23  SCV  
  23  2:35  SCV  
  24  2:46  Ghost  
  24  2:47  SCV  
  27  2:55  Barracks Tech Lab  
  27  3:02  Orbital Command  
  27  3:14  Ghost  
  27  3:18  Ghost  
  31  3:25  Supply Depot  
  31  3:38  Factory  
  31  3:46  SCV  
  32  3:51  Personal Cloaking  
  32  4:39  SCV  
  33  4:48  Ghost x2  
  37  4:53  Factory Reactor  
  37  4:54  Factory Tech Lab  
  37  5:02  Starport  
  37  5:17  Nuke  
  37  5:32  Command Center  
  37  5:48  Supply Depot  
  37  5:50  Siege Tank  
  34  6:54  Ghost x2  
  32  7:30  Ghost x2  
  36  7:38  Orbital Command  
  36  7:46  Refinery  
  36  7:51  Barracks  
  36  7:53  Barracks  
  36  8:16  SCV  
  36  8:17  SCV  
  38  8:21  Ghost x2  
  38  8:23  Siege Tank  
  45  8:35  SCV  
  45  8:36  SCV  
  47  9:01  Refinery  
  47  9:02  Barracks Tech Lab  
  47  9:08  Barracks Tech Lab  
  47  9:09  Siege Tank  
  50  9:12  Liberator  
  50  9:14  SCV x2  
  47  10:21  Factory Tech Lab  
  47  10:22  Starport Reactor  
  47  10:23  SCV  
  47  10:25  Ghost x2  
  52  10:35  SCV  
  53  10:42  Command Center  
  53  10:47  SCV x2  
  52  10:59  SCV x2  
  52  11:02  Ghost x2  
  58  11:17  Barracks x2  
  58  11:30  Engineering Bay  
  57  11:58  Ghost x2  
  61  12:06  Viking, Barracks  
  63  12:17  Missile Turret  
  63  12:21  Missile Turret  
  63  12:25  Siege Tank  
  66  12:33  Barracks Tech Lab x2  
  48  12:54  Ghost x4  
  56  13:00  Barracks Tech Lab  
  56  13:02  Medivac x2  
  56  13:03  Siege Tank  
  63  13:10  Factory  
  63  13:14  Factory  
  63  13:18  Starport  
Tags
 
Composition
Lurkers
Matchup
TvZ
Spawn Locations
Cross Positions
Add a new tag
Caveats
  • Supply blocks, unpowered buildings, or Contaminate may cause inaccurate times.
  • Supply counts are checked every 10 seconds.